 Dungeon Crawl Stone Soup version 0.30.0-29-ga12c61a403 (webtiles) character file.

Game seed: 15951014211677965149

3083 Bnni the Geomancer (level 10, -1/74 HPs)
             Began as a Formicid Earth Elementalist on June 5, 2023.
             Was an Elder of Cheibriados.
             Slain by a large abomination (13 damage)
             ... on level 1 of the Abyss.
             The game lasted 00:14:55 (7543 turns).

Bnni the Geomancer (Formicid Earth Elementalist)    Turns: 7543, Time: 00:14:56

Health: -1/74      AC: 12    Str: 21    XL:     10   Next: 12%
Magic:  8/27       EV:  9    Int: 29    God:    Cheibriados [****..]
Gold:   326        SH:  0    Dex: 23    Spells: 10/20 levels left

rFire   . . .        y - +0 short sword (protect)
rCold   + . .        (no shield)
rNeg    . . .        c - +3 chain mail
rPois   .            (helmet unavailable)
rElec   .            (no cloak)
rCorr   .            (no gloves)
SInv    +            (no boots)
Will    +....        H - amulet of faith Stlth
                     h - ring of protection from cold
HPRegen 0.32/turn    z - ring of magical power
MPRegen 0.20/turn

%: faith
@: very slow
A: permanent stasis, dig shafts and tunnels, antennae 3, four strong arms
a: Dig, Shaft Self, Renounce Religion, Bend Time, Temporal Distortion, Slouch


You were on level 1 of the Abyss.
You worshipped Cheibriados.
Cheibriados was greatly pleased with you.
You visited 2 branches of the dungeon, and saw 9 of its levels.
You visited the Abyss 1 time.
You also visited: Ossuary.

You collected 326 gold pieces.

Inventory:

Hand Weapons
 n - a +0 dagger of venom
 y - a +0 short sword of protection (weapon)
Missiles
 l - 3 poisoned darts
 I - 5 curare-tipped darts
 J - 10 boomerangs of dispersal
Armour
 c - a +3 chain mail (worn)
Jewellery
 h - a ring of protection from cold (left hand)
 z - a ring of magical power (right hand)
 H - an amulet of faith (around neck)
Wands
 q - a wand of iceblast (7)
 v - a wand of paralysis (7)
Scrolls
 a - 3 scrolls of blinking {unknown}
 d - 3 scrolls of teleportation {unknown}
 e - a scroll of brand weapon {unknown}
 g - 5 scrolls of vulnerability
 j - 3 scrolls of poison {unknown}
 m - 2 scrolls of immolation {unknown}
 s - 3 scrolls of enchant weapon {unknown}
 t - 4 scrolls of fear
 u - 2 scrolls of fog {unknown}
 w - a scroll of amnesia {unknown}
 x - a scroll of enchant armour {unknown}
 A - a scroll of silence
 B - 3 scrolls of noise {unknown}
 E - 3 scrolls of magic mapping
Potions
 b - 3 potions of magic
 f - 4 potions of cancellation
 i - 5 potions of might
 k - a potion of attraction
 o - 3 potions of brilliance
 p - 4 potions of curing
 r - 2 potions of lignification
 C - a potion of resistance {unknown}
 D - a potion of flight {unknown}
 F - a potion of degeneration {unknown}
 G - a potion of heal wounds


   Skills:
 + Level 5.4 Fighting
 + Level 4.8 Armour
 - Level 1.7 Dodging
 - Level 2.4 Stealth
 + Level 5.6 Spellcasting
 - Level 3.0 Conjurations
 - Level 3.0 Transmutations
 * Level 9.7 Earth Magic
 * Level 6.2 Invocations


You had 10 spell levels left.
You knew the following spells:

 Your Spells              Type           Power      Damage    Failure   Level
a - Sandblast             Erth           100%       2d20      1%          1
b - Passwall              Tmut/Erth      37%        N/A       4%          2
c - Stone Arrow           Conj/Erth      90%        3d12      9%          3
d - Petrify               Tmut/Erth      45%        N/A       28%         4

Your spell library contained the following spells:

 Spells                   Type           Power      Damage    Failure   Level
 Static Discharge         Conj/Air       32%        2-4/arc   32%         2
 Slow                     Hex            32%        N/A       36%         1
 Lesser Beckoning         Tloc           16%        N/A       52%         2
 Confusing Touch          Hex            8%         N/A       75%         3
 Gell's Gravitas          Tloc           8%         N/A       75%         3
 Teleport Other           Tloc           8%         N/A       75%         3
 Vampiric Draining        Necr           8%         2d6       75%         3
 Airstrike                Air            4%         2d(1-17)  98%         4
 Manifold Assault         Tloc           8%         N/A       98%         4
 Summon Lightning Spire   Summ/Air       8%         N/A       98%         4
 Storm Form               Tmut/Air       8%         N/A       100%        7
 Blink                    Tloc           Unusable   N/A       N/A         2

Dungeon Overview and Level Annotations

Branches:
Dungeon (8/15)             Temple (1/1) D:5         Ossuary (visited)
   Lair: D:8-11

Altars:
Ashenzari
Cheibriados
Dithmenos
Elyvilon
Fedhas
Gozag
Hepliaklqana
Kikubaaqudgha
Makhleb
Nemelex Xobeh
Okawaru
Sif Muna
Vehumet
Wu Jian
Yredelemnul
The Shining One

Shops:
D:7 !


Innate Abilities, Weirdness & Mutations

You cannot be hasted, slowed, berserked, paralysed or teleported.
You can dig through walls and to a lower floor.
You have a pair of large antennae on your head. (SInv)
Your four strong arms can wield two-handed weapons with a shield.


Message History

The large abomination blinks!
The large abomination is lightly damaged.
Found a gateway leading out of the Abyss.
Throw: 12 boomerangs (disperse)
Press: ? - help, Shift-Dir - straight line, f/p - large abomination
Aim: a large abomination (lightly damaged, 78% to hit)
You throw a boomerang of dispersal.
The boomerang of dispersal hits the large abomination and shatters, but does no damage.
The large abomination is lightly damaged.
The large abomination hits you.
Throw: 11 boomerangs (disperse)
Press: ? - help, Shift-Dir - straight line, f/p - large abomination
Aim: a large abomination (lightly damaged, 78% to hit)
You throw a boomerang of dispersal.
The boomerang of dispersal hits the large abomination and shatters, but does no damage.
The large abomination is lightly damaged.
The large abomination closely misses you.
The large abomination closely misses you.
Unknown command.
The large abomination hits you!!
* * * LOW HITPOINT WARNING * * *
Unknown command.
You can't see any enemies this would affect, really read the scroll of fear?
Okay, then.
Unknown command.
Okay, then.
Okay, then.
The flow of time bends around you.
Cheibriados rebukes the large abomination.
The large abomination seems to slow down.
Cheibriados rebukes the large abomination.
The large abomination seems to slow down.
The large abomination barely misses you.
Unknown command.
You feel much better. The large abomination hits you!!
* * * LOW HITPOINT WARNING * * *
Unknown command.
The large abomination attacks as you move away!
The large abomination hits you!
You die...

###.. # #.#.. #.
.... # ##
##.#####..# # ...
.....# ..#####
#.###.## #.........
..# {...x.
#..#.#.#..## ....
#..#X....## .... .
#@#..#.#. ##. ###
#.∩#X.#..###... ..
#..#.#.....#.#.###.#
#..#.....##.#.#.#.X
#....#..#...# # #
#.##...##.... # . ..
....#. #..#.# ... #.
#.. .... ### ...#...
. # .. ....#. .


You could see 2 large abominations.

Vanquished Creatures
  A ynoxinul (Abyss:1)
  2 water moccasins
  A black bear (D:5)
  A sky beast (D:7)
  An orc warrior (D:8)
  2 ice beasts
  An ogre (D:5)
  A phantom (D:7)
  A centaur (D:7)
  A kobold brigand (D:7)
  A bullfrog (D:7)
  A wyvern zombie (Ossuary)
  A gnoll sergeant (D:6)
  A scorpion (D:3)
  A wight (Abyss:1)
  A howler monkey (D:4)
  7 bullfrog zombies (Ossuary)
  6 centaur zombies (Ossuary)
  A jelly (D:6)
  2 orc priests
  3 hounds
  2 sleepcaps
  6 iguanas
  7 orc wizards
  2 killer bee zombies (Ossuary)
  2 howler monkey zombies (Ossuary)
  18 mummies (Ossuary)
  7 gnolls
  13 adders
  3 ufetubi
  A worm (D:3)
  3 dart slugs
  27 orcs
  6 ball pythons
  5 bats
  5 endoplasms
  2 giant cockroaches (D:2)
  6 goblins
  2 hobgoblins
  2 jackals (D:2)
  10 kobolds
  A quokka (D:5)
  4 frilled lizards
  5 rats
  2 rat zombies (D:6)
178 creatures vanquished.

Notes
Turn   | Place    | Note
-------+----------+-------------------------------------------
     0 | D:1      | Bnni the Formicid Earth Elementalist began the quest for
                  | the Orb.
     0 | D:1      | Reached XP level 1. HP: 13/13 MP: 3/3
    63 | D:1      | Reached XP level 2. HP: 20/20 MP: 0/5
   304 | D:1      | Reached skill level 4 in Earth Magic
   327 | D:1      | Found a faded altar of an unknown god.
   546 | D:1      | Learned a level 2 spell: Passwall
   750 | D:2      | Reached XP level 3. HP: 25/25 MP: 0/6
   821 | D:2      | Reached skill level 1 in Fighting
   851 | D:2      | Learned a level 3 spell: Stone Arrow
   964 | D:2      | Found an opulent altar of Gozag.
  1531 | D:3      | Reached XP level 4. HP: 32/32 MP: 4/8
  1747 | D:3      | Noticed a scorpion
  1755 | D:3      | Killed a scorpion
  1756 | D:3      | Reached skill level 5 in Earth Magic
  1756 | D:3      | Reached XP level 5. HP: 33/38 MP: 2/9
  1826 | D:3      | Learned a level 4 spell: Petrify
  2287 | D:3      | Found a burning altar of Makhleb.
  2287 | D:3      | Noticed a cacodemon
  2889 | D:4      | Found a blossoming altar of Fedhas.
  3120 | D:4      | Reached XP level 6. HP: 44/44 MP: 7/10
  3266 | D:4      | Reached skill level 1 in Conjurations
  3494 | D:4      | Reached skill level 1 in Armour
  3538 | D:5      | Entered Level 5 of the Dungeon
  3691 | D:5      | Found a staircase to the Ecumenical Temple.
  3699 | D:5      | Noticed a black bear
  3699 | D:5      | Noticed an ice beast
  3702 | Temple   | Entered the Ecumenical Temple
  3709 | Temple   | Became a worshipper of Cheibriados the Contemplative
  3738 | D:5      | Killed a black bear
  3739 | D:5      | Reached skill level 6 in Earth Magic
  3739 | D:5      | Reached XP level 7. HP: 45/51 MP: 8/12
  3769 | D:5      | Reached skill level 1 in Invocations
  3801 | D:5      | Noticed a water moccasin
  3808 | D:5      | Killed a water moccasin
  4176 | D:5      | Reached * piety under Cheibriados
  4180 | D:5      | Reached XP level 8. HP: 54/58 MP: 8/13
  4791 | D:5      | Reached skill level 7 in Earth Magic
  5169 | D:6      | Reached ** piety under Cheibriados
  5188 | D:6      | Found a sand-covered staircase.
  5229 | Ossuary  | Entered an ossuary
  5322 | Ossuary  | Reached XP level 9. HP: 61/65 MP: 14/15
  5332 | Ossuary  | Reached skill level 8 in Earth Magic
  5606 | Ossuary  | Reached skill level 5 in Spellcasting
  5860 | D:6      | Reached *** piety under Cheibriados
  5984 | D:6      | Found a broken altar of Ashenzari.
  5984 | D:6      | Found an ancient bone altar of Kikubaaqudgha.
  6246 | D:7      | Reached skill level 9 in Earth Magic
  6246 | D:7      | Reached skill level 5 in Invocations
  6407 | D:7      | Reached skill level 5 in Fighting
  6507 | D:7      | Found Cyjax's Distillery.
  6768 | D:7      | Identified the scarf "Exzesif" {harm, Will+ Dex+5}
  7312 | D:8      | Reached XP level 10. HP: 61/74 MP: 18/18
  7381 | Abyss:1  | Cast into level 1 of the Abyss (orc)
  7447 | Abyss:1  | Noticed a purple very ugly thing
  7483 | Abyss:1  | Noticed a smoke demon
  7489 | Abyss:1  | Noticed an unseen horror
  7505 | Abyss:1  | Reached **** piety under Cheibriados
  7510 | Abyss:1  | Noticed a large abomination
  7511 | Abyss:1  | Noticed a large abomination
  7543 | Abyss:1  | Slain by a large abomination

Illustrated notes

Levels and vault maps discovered:
D:1:      psy_arrival_radial01, layout_basic, basic_ecumenical_altar,
          serial_bayou_pond_d
D:2:      layout_loops_ring, basic_altar
D:3:      layout_loops_ring, makhleb_altar_promises_db, item_on_display_a
D:4:      layout_basic, fedhas_altar_fruit_tree
D:5:      layout_gridville, temple_fountains, nicolae_half_adder
D:6:      layout_cave_pools, gammafunk_temple_overflow_statue, enter_ossuary_4
D:7:      layout_gridville, serial_shops, nicolae_shop_peninsula,
          minmay_unpleasant_kobolds
D:8:      lemuel_ratsnest, layout_loops_ring, marbit_many_paths, uniq_maggie,
          uniq_maurice, uniq_erica
Temple:   nicolae_temple_ecumenical_triangle
Abyss:1:  base:
D:6

Skill      XL: |  1  2  3  4  5  6  7  8  9 10 |
---------------+-------------------------------+-----
Earth Magic    | 4 5 6 7 9 |  9.7
Fighting       | 1 2 3 4 5 |  5.4
Transmutations | 2 3 |  3.0
Spellcasting   | 3 4 5 |  5.6
Conjurations   | 2 3 |  3.0
Armour         | 1 2 3 4 |  4.8
Invocations    | 1 3 5 6 |  6.2
Dodging        | |  1.7
Stealth        | |  2.4

Action                     |  1- 3 |  4- 6 |  7- 9 | 10-12 || total
---------------------------+-------+-------+-------+-------++-------
  Melee: Unarmed           |     5 |       |       |       ||     5
         Whip              |       |     1 |       |       ||     1
         Short sword       |       |       |     4 |     3 ||     7
  Throw: Dart              |       |     4 |       |     1 ||     5
         Boomerang         |       |       |       |     4 ||     4
   Cast: Sandblast         |    46 |    49 |   203 |    15 ||   313
         Passwall          |       |     3 |     2 |     7 ||    12
         Stone Arrow       |       |       |     3 |     5 ||     8
 Invoke: Bend Time         |       |       |       |     1 ||     1
    Use: Scroll            |       |     9 |     2 |       ||    11
         Potion            |       |       |     3 |     1 ||     4
   Stab: Sleeping          |       |       |     1 |       ||     1
 Armour: Robe              |     4 |       |       |       ||     4
         Leather armour    |     3 |     2 |       |       ||     5
         Ring mail         |       |    14 |    38 |       ||    52
         Chain mail        |       |       |    13 |    22 ||    35
  Dodge: Dodged            |    14 |    22 |    76 |    25 ||   137
